Little Stars vs Wolfes
(R1)
Created - April 29, 2020 at 20:01
Goals
|
Little Stars |
0 |
1 |
4 |
5 |
Wolfes |
2 |
1 |
0 |
3 |
|
Shots
|
Little Stars |
11 |
10 |
17 |
38 |
Wolfes |
16 |
12 |
13 |
41 |
|
1st period
1. Wolfes , Chris Tierney 32 (Alexandre Grenier 45, Joonas Lyytinen 3) at 15:35
2. Wolfes , Thomas Spelling 13 (Scott Timmins 15) at 18:31
Penalties :
Eric Knodel (Tex) for Tripping (Minor) at 1:04
2nd period
3. Little Stars , Shawn Matthias 4 (Tyson Barrie 27, Roman Horak 2) at 5:39
4. Wolfes , Martin Hanzal 44 (Benn Ferriero 17, Zachary Sanford 22) at 6:26
Penalties :
Scott Kosmachuck (Tex) for Holding Stick (Minor) at 10:59
3rd period
5. Little Stars , Evgeny Kuznetsov 36 (Tyler Wotherspoon 42) at 0:06
6. Little Stars , Daniel O'regan 27 (Sebastian Wannstrom 26) at 10:13
7. Little Stars , Patrick Wiercioch 8 (Eric Knodel 23) at 16:59
8. Little Stars , Scott Kosmachuck 28 (Tyson Barrie 28, Evgeny Kuznetsov 58) at 19:34 (Empty Net)
Penalties :
Martin Hanzal (RIM) for Hooking (Minor) at 1:34, Thomas Spelling (RIM) for Interference (Minor) at 5:26, Zachary Sanford (RIM) for Interference (Minor) at 19:47
Goalie Stats
Matt Murray (Tex), 38 saves from 41 shots - (0.927), W, 36-20-6, 60:00 minutes
Jeremy Smith (RIM), 33 saves from 37 shots - (0.892), L, 8-9-1, 59:40 minutes
Players Stats for Little Stars
Player Name G A P +/- PIM S H SB GA TA FO MP PP MP PK MP
------------------------------------------------------------------------------------
Adam Tambellini 0 0 0 0 0 0 0 0 1 0 0/0 12:21 0:00 0:00
Anton Cederholm 0 0 0 1 0 1 0 0 0 0 0/0 11:11 0:00 0:00
Dana Tyrell 0 0 0 1 0 6 1 0 1 2 3/11 17:38 1:56 1:22
Daniel O'regan 1 0 1 0 0 4 0 0 2 0 5/8 13:07 0:00 0:27
Eric Knodel 0 1 1 0 2 2 1 1 1 0 0/0 20:13 1:51 0:50
Evgeny Kuznetsov 1 1 2 0 0 8 1 1 1 1 14/32 21:36 2:14 2:09
Jesse Joensuu 0 0 0 -1 0 4 2 0 2 0 0/1 19:26 1:56 1:22
Michael Mersch 0 0 0 1 0 0 4 0 0 0 1/1 15:03 0:00 0:27
Patrick Wiercioch 1 0 1 0 0 3 3 0 1 1 0/0 20:59 1:51 1:35
Roman Horak 0 1 1 1 0 0 0 0 0 0 1/4 7:39 0:00 0:00
Scott Kosmachuck 1 0 1 0 2 1 0 1 0 1 3/3 19:14 2:14 0:00
Sebastian Wannstrom 0 1 1 0 0 1 2 0 0 0 1/1 12:21 0:00 0:00
Shane Gersich 0 0 0 1 0 1 0 0 0 0 0/0 7:51 0:00 0:00
Shawn Matthias 1 0 1 2 0 3 0 0 0 0 0/2 12:58 2:14 2:09
Tucker Poolman 0 0 0 1 0 1 2 0 0 1 0/0 12:27 0:00 0:45
Tyler Wotherspoon 0 1 1 1 0 1 1 1 1 1 0/0 27:50 2:19 2:23
Tyson Barrie 0 2 2 1 0 1 3 2 0 0 0/0 27:50 2:19 2:23
Zach Budish 0 0 0 1 0 1 0 0 1 0 0/0 16:16 1:56 0:00
Players Stats for Wolfes
Player Name G A P +/- PIM S H SB GA TA FO MP PP MP PK MP
------------------------------------------------------------------------------------
Alexandre Grenier 0 1 1 -1 0 6 4 0 2 1 0/1 19:43 1:56 0:42
Angelo Esposito 0 0 0 -1 0 0 0 0 0 0 0/1 1:44 0:00 0:00
Anton Lindholm 0 0 0 0 0 0 0 0 0 3 0/0 11:54 0:00 0:00
Benn Ferriero 0 1 1 0 0 0 0 1 0 0 0/0 7:00 0:00 0:00
Blake Pietila 0 0 0 -1 0 0 0 2 0 0 0/1 17:24 2:02 0:02
Chris Tierney 1 0 1 -1 0 8 1 0 1 0 6/8 20:34 1:56 1:33
Jacob Lagacé 0 0 0 1 0 0 0 0 0 0 0/1 11:10 0:00 0:00
Jamie Oleksiak 0 0 0 0 0 1 2 2 0 0 0/0 19:48 1:21 1:43
Jeffrey Foss 0 0 0 -2 0 2 0 0 0 1 0/0 28:18 2:37 2:27
Joonas Lyytinen 0 1 1 0 0 0 0 1 0 1 0/0 11:54 0:00 0:00
Martin Hanzal 1 0 1 -1 2 6 3 0 0 0 20/37 24:49 2:02 1:12
Michael Stone 0 0 0 0 0 0 1 2 0 2 0/0 19:48 1:21 1:43
Nicolas Deschamps 0 0 0 -1 0 0 0 0 0 0 0/0 1:00 0:00 0:00
Scott Timmins 0 1 1 1 0 3 2 1 0 0 3/6 11:23 0:00 0:12
Sergei Plotnikov 0 0 0 -1 0 3 4 1 0 0 2/2 20:23 1:56 1:05
Thomas Spelling 1 0 1 1 2 4 1 0 1 0 0/0 11:26 0:00 0:00
Victor Olofsson 0 0 0 -1 0 0 0 0 0 0 1/2 2:30 0:00 1:13
Vladimir Zharkov 0 0 0 -1 0 4 3 0 1 0 2/3 19:42 2:02 2:21
Wes O'Neill 0 0 0 -2 0 2 4 0 2 3 0/0 28:18 2:37 2:27
Zachary Sanford 0 1 1 0 2 2 0 0 0 0 1/1 6:59 0:00 0:00
3 Stars
1 - Tyson Barrie (Tex)
2 - Evgeny Kuznetsov (Tex)
3 - Shawn Matthias (Tex)
Power Play
Little Stars - 0 on 3 Attempt(s) - 0.00%
Wolfes - 0 on 2 Attempt(s) - 0.00%
Penalty Kill
Little Stars - 2 on 2 Attempt(s) - 100.00%
- Score 0 goal in Penalty Kill
Wolfes - 3 on 3 Attempt(s) - 100.00%
- Score 0 goal in Penalty Kill
Team Stat
Little Stars - Hits : 20 - Faceoff Wins : 28 - Blocked Shots : 6 - Penalty Minutes : 4
Wolfes - Hits : 25 - Faceoff Wins : 35 - Blocked Shots : 10 - Penalty Minutes : 6
Official
Referees : Unknown
Linesman : Unknown
Game Notes
Scott Kosmachuck has scored in a empty net!
Finance
Level 1 -- Attendance: 1284 (64.20%) -- Ticket Income $51,360
Level 2 -- Attendance: 620 (62.00%) -- Ticket Income $12,400
Total Attendance: 1904 (63.47%)
Total Ticket Income: $63,760
Other Income: $3,188
Total Income: $66,948
Little Stars
5 vs 5 Forward
Center Left Wing Right Wing Time % Phy DF OF
1 Evgeny Kuznetsov Jesse Joensuu Scott Kosmachuck 40 1 2 2
2 Dana Tyrell Michael Mersch Zach Budish 30 1 2 2
3 Daniel O'regan Adam Tambellini Sebastian Wannstrom 20 1 2 2
4 Roman Horak Shane Gersich Shawn Matthias 10 1 2 2
5 vs 5 Defense
Defense Defense Time % Phy DF OF
1 Tyson Barrie Tyler Wotherspoon 40 1 2 2
2 Patrick Wiercioch Eric Knodel 30 1 2 2
3 Anton Cederholm Tucker Poolman 20 1 2 2
4 Tyson Barrie Tyler Wotherspoon 10 1 2 2
PowerPlay Forward
Center Left Wing Right Wing Time % Phy DF OF
1 Evgeny Kuznetsov Shawn Matthias Scott Kosmachuck 60 0 2 3
2 Dana Tyrell Jesse Joensuu Zach Budish 40 0 2 3
PowerPlay Defense
Defense Defense Time % Phy DF OF
1 Tyson Barrie Tyler Wotherspoon 60 0 2 3
2 Patrick Wiercioch Eric Knodel 40 0 2 3
Penalty Kill 4 Players Forward
Center Wing Time % Phy DF OF
1 Shawn Matthias Evgeny Kuznetsov 60 0 3 2
2 Dana Tyrell Jesse Joensuu 40 0 3 2
Penalty Kill 4 Players Defense
Defense Defense Time % Phy DF OF
1 Tyson Barrie Tyler Wotherspoon 60 0 3 2
2 Patrick Wiercioch Eric Knodel 40 0 3 2
Penalty Kill - 3 Players Forward
Forward Time % Phy DF OF
1 Shawn Matthias 60 0 3 2
2 Evgeny Kuznetsov 40 0 3 2
Penalty Kill - 3 Players Defense
Defense Defense Time % Phy DF OF
1 Tyson Barrie Tyler Wotherspoon 60 0 3 2
2 Patrick Wiercioch Eric Knodel 40 0 3 2
4 vs 4 Forward
Center Wing Time % Phy DF OF
1 Shawn Matthias Evgeny Kuznetsov 60 1 2 2
2 Dana Tyrell Jesse Joensuu 40 1 2 2
4 vs 4 Defense
Defense Defense Time % Phy DF OF
1 Tyson Barrie Tyler Wotherspoon 60 1 2 2
2 Patrick Wiercioch Eric Knodel 40 1 2 2
Last Minutes Offensive
Center Left Wing Right Wing Defense Defense
Evgeny Kuznetsov Shawn Matthias Scott Kosmachuck Tyson Barrie Tyler Wotherspoon
Last Minutes Defensive
Center Left Wing Right Wing Defense Defense
Evgeny Kuznetsov Shawn Matthias Scott Kosmachuck Tyson Barrie Tyler Wotherspoon
Goaltenders
Starting : Matt Murray
Backup : Peter Delmas
Extra Forwards
Normal : Shane Gersich, Adam Tambellini, Daniel O'regan - PP : Shane Gersich, Adam Tambellini - PK : Daniel O'regan
Extra Defensemen
Normal : Anton Cederholm, Tucker Poolman, Patrick Wiercioch - PP : Anton Cederholm - PK : Tucker Poolman, Patrick Wiercioch
Penalty Shots
Shawn Matthias, Evgeny Kuznetsov, Dana Tyrell, Jesse Joensuu, Scott Kosmachuck
Scratches
Justin Auger (Fractured Orbital Bone Injury), Reece Willcox (Separated Left Shoulder Injury), Ville Pokka (Healthy), Daniil Tarasov (Abdomen/Ribs Injury), Jason Dickinson (Healthy)
Emile Poirier (Healthy), Radel Fazleev (Healthy), Julien Nantel (Healthy), Connor Knapp (Healthy), Spencer Martin (Healthy)
Wolfes
5 vs 5 Forward
Center Left Wing Right Wing Time % Phy DF OF
1 Martin Hanzal Blake Pietila Vladimir Zharkov 40 1 2 2
2 Chris Tierney Sergei Plotnikov Alexandre Grenier 30 1 2 2
3 Martin Hanzal Zachary Sanford Benn Ferriero 20 1 2 2
4 Scott Timmins Jacob Lagacé Thomas Spelling 10 1 2 2
5 vs 5 Defense
Defense Defense Time % Phy DF OF
1 Wes O'Neill Jeffrey Foss 40 1 2 2
2 Michael Stone Jamie Oleksiak 30 1 2 2
3 Anton Lindholm Joonas Lyytinen 20 1 2 2
4 Wes O'Neill Jeffrey Foss 10 1 2 2
PowerPlay Forward
Center Left Wing Right Wing Time % Phy DF OF
1 Martin Hanzal Blake Pietila Vladimir Zharkov 60 1 2 2
2 Chris Tierney Sergei Plotnikov Alexandre Grenier 40 1 2 2
PowerPlay Defense
Defense Defense Time % Phy DF OF
1 Wes O'Neill Jeffrey Foss 60 1 2 2
2 Michael Stone Jamie Oleksiak 40 1 2 2
Penalty Kill 4 Players Forward
Center Wing Time % Phy DF OF
1 Martin Hanzal Vladimir Zharkov 60 1 2 2
2 Alexandre Grenier Chris Tierney 40 1 2 2
Penalty Kill 4 Players Defense
Defense Defense Time % Phy DF OF
1 Wes O'Neill Jeffrey Foss 60 1 2 2
2 Michael Stone Jamie Oleksiak 40 1 2 2
Penalty Kill - 3 Players Forward
Forward Time % Phy DF OF
1 Martin Hanzal 60 1 2 2
2 Vladimir Zharkov 40 1 2 2
Penalty Kill - 3 Players Defense
Defense Defense Time % Phy DF OF
1 Wes O'Neill Jeffrey Foss 60 1 2 2
2 Michael Stone Jamie Oleksiak 40 1 2 2
4 vs 4 Forward
Center Wing Time % Phy DF OF
1 Martin Hanzal Vladimir Zharkov 60 1 2 2
2 Alexandre Grenier Chris Tierney 40 1 2 2
4 vs 4 Defense
Defense Defense Time % Phy DF OF
1 Wes O'Neill Jeffrey Foss 60 1 2 2
2 Michael Stone Jamie Oleksiak 40 1 2 2
Last Minutes Offensive
Center Left Wing Right Wing Defense Defense
Martin Hanzal Blake Pietila Vladimir Zharkov Wes O'Neill Jeffrey Foss
Last Minutes Defensive
Center Left Wing Right Wing Defense Defense
Martin Hanzal Blake Pietila Vladimir Zharkov Wes O'Neill Jeffrey Foss
Goaltenders
Starting : Jeremy Smith
Backup : Laurent Brossoit
Extra Forwards
Normal : Angelo Esposito, Nicolas Deschamps, Victor Olofsson - PP : Angelo Esposito, Nicolas Deschamps - PK : Victor Olofsson
Extra Defensemen
Normal : Anton Lindholm, Joonas Lyytinen, Michael Stone - PP : Anton Lindholm - PK : Joonas Lyytinen, Michael Stone
Penalty Shots
Martin Hanzal, Vladimir Zharkov, Alexandre Grenier, Chris Tierney, Blake Pietila
Scratches
Kyle Rau (Bruised Right Leg Injury), Christophe Lalancette (Healthy), Joe Morrow (Bruised Right Arm Injury), Charles-Olivier Roussel (Healthy), Klas Dahlbeck (Healthy)
Matt Grzelcyk (Healthy), Remi Elie (Healthy), Jyrki Jokipakka (Healthy), Pavel Kraskovsky (Healthy), Louis Belpedio (Healthy)
Cameron Darcy (Healthy), Fredrik Olofsson (Healthy), Nolan Vesey (Healthy), Vaclav Karabacek (Healthy), Kyle Pettit (Healthy)
Dylan Sadowy (Healthy), Anton Karlsson (Healthy), Ebbe Siönäs (Healthy), Sami Aittokallio (Healthy)
% Time on Ice - Little Stars
Lines # - Real PCT - Wanted PCT - Time Play
Normal Forward
1 - 33% - 40% - 17:00
2 - 28% - 30% - 14:20
3 - 24% - 20% - 12:21
4 - 15% - 10% - 7:39
Normal Defense
1 - 39% - 40% - 20:07
2 - 34% - 30% - 17:33
3 - 22% - 20% - 11:11
4 - 5% - 10% - 2:29
PP Forward
1 - 54% - 60% - 2:14
2 - 46% - 40% - 1:56
PP Defense
1 - 56% - 60% - 2:19
2 - 44% - 40% - 1:51
PK Forward
1 - 66% - 60% - 2:36
2 - 34% - 40% - 1:22
PK Defense
1 - 60% - 60% - 2:23
2 - 40% - 40% - 1:35
PK3 Forward
1 - 0% - 60%
2 - 0% - 40%
PK3 Defense
1 - 0% - 60%
2 - 0% - 40%
44 Forward
1 - 0% - 60%
2 - 0% - 40%
44 Defense
1 - 0% - 60%
2 - 0% - 40%
Last Minute Offensive - 0:00
Last Minute Defensive - 0:32
Total
Forward - 60:00
Defense - 60:00
|
% Time on Ice - Wolfes
Lines # - Real PCT - Wanted PCT - Time Play
Normal Forward
1 - 30% - 40% - 15:37
2 - 35% - 30% - 18:05
3 - 13% - 20% - 7:00
4 - 22% - 10% - 11:10
Normal Defense
1 - 40% - 40% - 20:33
2 - 32% - 30% - 16:44
3 - 23% - 20% - 11:54
4 - 5% - 10% - 2:41
PP Forward
1 - 51% - 60% - 2:02
2 - 49% - 40% - 1:56
PP Defense
1 - 66% - 60% - 2:37
2 - 34% - 40% - 1:21
PK Forward
1 - 83% - 60% - 3:28
2 - 17% - 40% - 0:42
PK Defense
1 - 59% - 60% - 2:27
2 - 41% - 40% - 1:43
PK3 Forward
1 - 0% - 60%
2 - 0% - 40%
PK3 Defense
1 - 0% - 60%
2 - 0% - 40%
44 Forward
1 - 0% - 60%
2 - 0% - 40%
44 Defense
1 - 0% - 60%
2 - 0% - 40%
Last Minute Offensive - 0:00
Last Minute Defensive - 0:00
Total
Forward - 60:00
Defense - 60:00
|
Play-by-Play
1st period
0:01 of 1st period - Martin Hanzal wins face-off versus Evgeny Kuznetsov in neutral zone.
0:26 of 1st period - Dana Tyrell is hit by Sergei Plotnikov and loses puck.
0:55 of 1st period - Eric Knodel is hit by Jamie Oleksiak.
0:58 of 1st period - Michael Stone is hit by Sebastian Wannstrom and loses puck.
1:04 of 1st period - Minor Penalty to Eric Knodel for Tripping.
1:05 of 1st period - Martin Hanzal wins face-off versus Shawn Matthias in Little Stars zone.
1:13 of 1st period - Wrist shot by Vladimir Zharkov.
1:13 of 1st period - Stopped by Matt Murray with a rebound.
2:11 of 1st period - Icing by Sergei Plotnikov.
2:12 of 1st period - Chris Tierney wins face-off versus Dana Tyrell in Wolfes zone.
2:21 of 1st period - Tyler Wotherspoon is hit by Vladimir Zharkov and loses puck.
3:04 of 1st period - Penalty to Eric Knodel is over, Eric Knodel is back on ice.
3:08 of 1st period - Snap shot by Shawn Matthias.
3:08 of 1st period - Shot Misses the Net.
3:10 of 1st period - Slapshot by Patrick Wiercioch.
3:10 of 1st period - Shot Blocked by Blake Pietila.
3:12 of 1st period - Snap shot by Evgeny Kuznetsov.
3:12 of 1st period - Shot Misses the Net.
3:14 of 1st period - Slapshot by Evgeny Kuznetsov.
3:14 of 1st period - Stopped by Jeremy Smith with a rebound.
3:16 of 1st period - Backhand shot by Eric Knodel.
3:16 of 1st period - Stopped by Jeremy Smith with a rebound.
3:22 of 1st period - Snap shot by Shawn Matthias.
3:22 of 1st period - Shot Blocked by Blake Pietila.
3:24 of 1st period - Slapshot by Patrick Wiercioch.
3:24 of 1st period - Shot Misses the Net.
3:30 of 1st period - Wrist shot by Shawn Matthias.
3:30 of 1st period - Deflect By Evgeny Kuznetsov.
3:30 of 1st period - Stopped by Jeremy Smith with a rebound.
3:32 of 1st period - Snap shot by Shawn Matthias.
3:32 of 1st period - Shot Misses the Net.
3:34 of 1st period - Slapshot by Evgeny Kuznetsov.
3:34 of 1st period - Stopped by Jeremy Smith without a rebound.
3:35 of 1st period - Chris Tierney wins face-off versus Dana Tyrell in Wolfes zone.
4:07 of 1st period - Snap shot by Scott Timmins.
4:07 of 1st period - Stopped by Matt Murray with a rebound.
4:27 of 1st period - Wrist shot by Zach Budish.
4:27 of 1st period - Shot Blocked by Benn Ferriero.
4:47 of 1st period - Snap shot by Daniel O'regan.
4:47 of 1st period - Stopped by Jeremy Smith without a rebound.
4:48 of 1st period - Daniel O'regan wins face-off versus Scott Timmins in Wolfes zone.
4:59 of 1st period - Tyson Barrie is hit by Wes O'Neill and loses puck.
5:09 of 1st period - Icing by Adam Tambellini.
5:10 of 1st period - Evgeny Kuznetsov wins face-off versus Chris Tierney in Little Stars zone.
5:23 of 1st period - Snap shot by Sergei Plotnikov.
5:23 of 1st period - Shot Blocked by Scott Kosmachuck.
5:25 of 1st period - Snap shot by Chris Tierney.
5:25 of 1st period - Stopped by Matt Murray without a rebound.
5:26 of 1st period - Roman Horak wins face-off versus Blake Pietila in Little Stars zone.
5:35 of 1st period - Snap shot by Shawn Matthias.
5:35 of 1st period - Shot Misses the Net.
5:40 of 1st period - Icing by Martin Hanzal.
5:41 of 1st period - Martin Hanzal wins face-off versus Jesse Joensuu in Wolfes zone.
5:43 of 1st period - Icing by Vladimir Zharkov.
5:44 of 1st period - Scott Kosmachuck wins face-off versus Martin Hanzal in Wolfes zone.
6:25 of 1st period - Wrist shot by Vladimir Zharkov.
6:25 of 1st period - Shot Misses the Net.
6:27 of 1st period - Backhand shot by Blake Pietila.
6:27 of 1st period - Shot Misses the Net.
6:29 of 1st period - Wrist shot by Blake Pietila.
6:29 of 1st period - Shot Misses the Net.
6:31 of 1st period - Slapshot by Jeffrey Foss.
6:31 of 1st period - Shot Blocked by Eric Knodel.
6:33 of 1st period - Slapshot by Blake Pietila.
6:33 of 1st period - Deflect By Martin Hanzal.
6:33 of 1st period - Stopped by Matt Murray with a rebound.
6:35 of 1st period - Slapshot by Wes O'Neill.
6:35 of 1st period - Stopped by Matt Murray with a rebound.
6:37 of 1st period - Snap shot by Vladimir Zharkov.
6:37 of 1st period - Deflect By Martin Hanzal.
6:37 of 1st period - Shot Misses the Net.
6:37 of 1st period - Puck is out of play.
6:38 of 1st period - Dana Tyrell wins face-off versus Alexandre Grenier in Little Stars zone.
7:08 of 1st period - Michael Stone is hit by Tucker Poolman and loses puck.
7:20 of 1st period - Icing by Daniel O'regan.
7:21 of 1st period - Martin Hanzal wins face-off versus Roman Horak in Little Stars zone.
7:32 of 1st period - Snap shot by Zachary Sanford.
7:32 of 1st period - Shot Misses the Net.
7:52 of 1st period - Wrist shot by Scott Timmins.
7:52 of 1st period - Stopped by Matt Murray without a rebound.
7:53 of 1st period - Chris Tierney wins face-off versus Evgeny Kuznetsov in Little Stars zone.
8:46 of 1st period - Snap shot by Evgeny Kuznetsov.
8:46 of 1st period - Shot Misses the Net.
8:48 of 1st period - Slapshot by Jesse Joensuu.
8:48 of 1st period - Shot Misses the Net.
8:50 of 1st period - Slapshot by Tyson Barrie.
8:50 of 1st period - Shot Blocked by Jamie Oleksiak.
8:52 of 1st period - Wrist shot by Jesse Joensuu.
8:52 of 1st period - Shot Hit the Post.
8:54 of 1st period - Slapshot by Evgeny Kuznetsov.
8:54 of 1st period - Stopped by Jeremy Smith with a rebound.
9:04 of 1st period - Snap shot by Jesse Joensuu.
9:04 of 1st period - Stopped by Jeremy Smith without a rebound.
9:05 of 1st period - Sergei Plotnikov wins face-off versus Dana Tyrell in Wolfes zone.
9:54 of 1st period - Anton Cederholm is hit by Wes O'Neill.
10:06 of 1st period - Wrist shot by Alexandre Grenier.
10:06 of 1st period - Shot Misses the Net.
10:10 of 1st period - Wrist shot by Sergei Plotnikov.
10:10 of 1st period - Shot Misses the Net.
10:12 of 1st period - Snap shot by Chris Tierney.
10:12 of 1st period - Stopped by Matt Murray with a rebound.
10:14 of 1st period - Snap shot by Alexandre Grenier.
10:14 of 1st period - Stopped by Matt Murray with a rebound.
10:16 of 1st period - Wrist shot by Chris Tierney.
10:16 of 1st period - Stopped by Matt Murray without a rebound.
10:17 of 1st period - Dana Tyrell wins face-off versus Martin Hanzal in Little Stars zone.
10:22 of 1st period - Slapshot by Dana Tyrell.
10:22 of 1st period - Stopped by Jeremy Smith without a rebound.
10:23 of 1st period - Martin Hanzal wins face-off versus Dana Tyrell in Wolfes zone.
10:32 of 1st period - Wrist shot by Vladimir Zharkov.
10:32 of 1st period - Stopped by Matt Murray with a rebound.
10:34 of 1st period - Slapshot by Martin Hanzal.
10:34 of 1st period - Shot Misses the Net.
10:36 of 1st period - Snap shot by Martin Hanzal.
10:36 of 1st period - Stopped by Matt Murray with a rebound.
10:38 of 1st period - Slapshot by Anton Lindholm.
10:38 of 1st period - Shot Blocked by Tyler Wotherspoon.
12:54 of 1st period - Icing by Dana Tyrell.
12:55 of 1st period - Chris Tierney wins face-off versus Dana Tyrell in Little Stars zone.
12:56 of 1st period - Wrist shot by Sergei Plotnikov.
12:56 of 1st period - Shot Misses the Net.
12:58 of 1st period - Snap shot by Chris Tierney.
12:58 of 1st period - Shot Misses the Net.
13:00 of 1st period - Snap shot by Alexandre Grenier.
13:00 of 1st period - Stopped by Matt Murray without a rebound.
13:01 of 1st period - Evgeny Kuznetsov wins face-off versus Martin Hanzal in Little Stars zone.
13:01 of 1st period - Evgeny Kuznetsov is hit by Vladimir Zharkov.
13:27 of 1st period - Daniel O'regan is hit by Michael Stone and loses puck.
14:02 of 1st period - Tyson Barrie is hit by Scott Timmins and loses puck.
15:06 of 1st period - Icing by Vladimir Zharkov.
15:07 of 1st period - Martin Hanzal wins face-off versus Roman Horak in Wolfes zone.
15:20 of 1st period - Wrist shot by Martin Hanzal.
15:20 of 1st period - Deflect By Vladimir Zharkov.
15:20 of 1st period - Shot Misses the Net.
15:20 of 1st period - Puck is out of play.
15:21 of 1st period - Evgeny Kuznetsov wins face-off versus Chris Tierney in Little Stars zone.
15:33 of 1st period - Wrist shot by Alexandre Grenier.
15:33 of 1st period - Stopped by Matt Murray with a rebound.
15:35 of 1st period - Snap shot by Chris Tierney.
15:35 of 1st period - Goal by Chris Tierney - Little Stars : 0 - Wolfes : 1.
15:36 of 1st period - Evgeny Kuznetsov wins face-off versus Vladimir Zharkov in neutral zone.
15:41 of 1st period - Slapshot by Tyson Barrie.
15:41 of 1st period - Shot Blocked by Michael Stone.
15:43 of 1st period - Slapshot by Evgeny Kuznetsov.
15:43 of 1st period - Shot Misses the Net.
16:01 of 1st period - Michael Mersch is hit by Alexandre Grenier and loses puck.
16:10 of 1st period - Slapshot by Tyler Wotherspoon.
16:10 of 1st period - Stopped by Jeremy Smith without a rebound.
16:11 of 1st period - Vladimir Zharkov wins face-off versus Evgeny Kuznetsov in Wolfes zone.
17:40 of 1st period - Backhand shot by Sergei Plotnikov.
17:40 of 1st period - Shot Misses the Net.
17:42 of 1st period - Slapshot by Chris Tierney.
17:42 of 1st period - Shot Hit the Post.
17:44 of 1st period - Snap shot by Sergei Plotnikov.
17:44 of 1st period - Deflect By Evgeny Kuznetsov.
17:44 of 1st period - Shot Hit the Post.
17:44 of 1st period - Puck is out of play.
17:45 of 1st period - Martin Hanzal wins face-off versus Evgeny Kuznetsov in Little Stars zone.
18:29 of 1st period - Slapshot by Wes O'Neill.
18:29 of 1st period - Stopped by Matt Murray without a rebound.
18:30 of 1st period - Scott Timmins wins face-off versus Daniel O'regan in Little Stars zone.
18:31 of 1st period - Wrist shot by Thomas Spelling.
18:31 of 1st period - Goal by Thomas Spelling - Little Stars : 0 - Wolfes : 2.
18:32 of 1st period - Martin Hanzal wins face-off versus Evgeny Kuznetsov in neutral zone.
18:35 of 1st period - Tyler Wotherspoon is hit by Vladimir Zharkov and loses puck.
18:46 of 1st period - Snap shot by Jesse Joensuu.
18:46 of 1st period - Stopped by Jeremy Smith with a rebound.
18:48 of 1st period - Slapshot by Tyson Barrie.
18:48 of 1st period - Deflect By Evgeny Kuznetsov.
18:48 of 1st period - Deflect By Martin Hanzal.
18:48 of 1st period - Stopped by Jeremy Smith with a rebound.
18:58 of 1st period - Tyler Wotherspoon is hit by Sergei Plotnikov and loses puck.
Goals for this period are 0 for Little Stars vs 2 for Wolfes.
Shots for this period are 11 for Little Stars vs 16 for Wolfes.
2nd period
0:01 of 2nd period - Evgeny Kuznetsov wins face-off versus Martin Hanzal in neutral zone.
0:36 of 2nd period - Wrist shot by Zach Budish.
0:36 of 2nd period - Shot Misses the Net.
0:38 of 2nd period - Wrist shot by Michael Mersch.
0:38 of 2nd period - Shot Blocked by Sergei Plotnikov.
1:10 of 2nd period - Sergei Plotnikov is hit by Eric Knodel and loses puck.
1:21 of 2nd period - Patrick Wiercioch is hit by Alexandre Grenier and loses puck.
1:25 of 2nd period - Icing by Daniel O'regan.
1:26 of 2nd period - Martin Hanzal wins face-off versus Daniel O'regan in Little Stars zone.
1:55 of 2nd period - Snap shot by Daniel O'regan.
1:55 of 2nd period - Deflect By Sebastian Wannstrom.
1:55 of 2nd period - Shot Misses the Net.
1:55 of 2nd period - Puck is out of play.
1:56 of 2nd period - Scott Kosmachuck wins face-off versus Martin Hanzal in Wolfes zone.
1:57 of 2nd period - Snap shot by Jesse Joensuu.
1:57 of 2nd period - Stopped by Jeremy Smith without a rebound.
1:58 of 2nd period - Vladimir Zharkov wins face-off versus Evgeny Kuznetsov in Wolfes zone.
2:23 of 2nd period - Tyson Barrie is hit by Thomas Spelling and loses puck.
3:08 of 2nd period - Shawn Matthias is hit by Martin Hanzal and loses puck.
3:37 of 2nd period - Wrist shot by Scott Timmins.
3:37 of 2nd period - Stopped by Matt Murray with a rebound.
3:51 of 2nd period - Wrist shot by Dana Tyrell.
3:51 of 2nd period - Stopped by Jeremy Smith without a rebound.
3:52 of 2nd period - Chris Tierney wins face-off versus Dana Tyrell in Wolfes zone.
4:24 of 2nd period - Wrist shot by Scott Timmins.
4:24 of 2nd period - Deflect By Tyson Barrie.
4:24 of 2nd period - Shot Misses the Net.
4:24 of 2nd period - Puck is out of play.
4:25 of 2nd period - Scott Timmins wins face-off versus Evgeny Kuznetsov in Little Stars zone.
4:30 of 2nd period - Snap shot by Thomas Spelling.
4:30 of 2nd period - Shot Hit the Post.
4:57 of 2nd period - Snap shot by Sebastian Wannstrom.
4:57 of 2nd period - Shot Misses the Net.
5:13 of 2nd period - Jamie Oleksiak is hit by Patrick Wiercioch and loses puck.
5:39 of 2nd period - Slapshot by Shawn Matthias.
5:39 of 2nd period - Goal by Shawn Matthias - Little Stars : 1 - Wolfes : 2.
5:40 of 2nd period - Evgeny Kuznetsov wins face-off versus Martin Hanzal in neutral zone.
6:05 of 2nd period - Tyler Wotherspoon is hit by Wes O'Neill and loses puck.
6:12 of 2nd period - Snap shot by Chris Tierney.
6:12 of 2nd period - Stopped by Matt Murray with a rebound.
6:14 of 2nd period - Slapshot by Jeffrey Foss.
6:14 of 2nd period - Stopped by Matt Murray with a rebound.
6:16 of 2nd period - Snap shot by Sergei Plotnikov.
6:16 of 2nd period - Deflect By Alexandre Grenier.
6:16 of 2nd period - Stopped by Matt Murray with a rebound.
6:18 of 2nd period - Wrist shot by Chris Tierney.
6:18 of 2nd period - Deflect By Sergei Plotnikov.
6:18 of 2nd period - Shot Misses the Net.
6:18 of 2nd period - Puck is out of play.
6:19 of 2nd period - Zachary Sanford wins face-off versus Evgeny Kuznetsov in Little Stars zone.
6:24 of 2nd period - Snap shot by Martin Hanzal.
6:24 of 2nd period - Stopped by Matt Murray with a rebound.
6:26 of 2nd period - Wrist shot by Martin Hanzal.
6:26 of 2nd period - Goal by Martin Hanzal - Little Stars : 1 - Wolfes : 3.
6:27 of 2nd period - Martin Hanzal wins face-off versus Evgeny Kuznetsov in neutral zone.
6:52 of 2nd period - Anton Lindholm is hit by Michael Mersch and loses puck.
7:13 of 2nd period - Snap shot by Tyler Wotherspoon.
7:13 of 2nd period - Deflect By Daniel O'regan.
7:13 of 2nd period - Shot Misses the Net.
7:13 of 2nd period - Puck is out of play.
7:14 of 2nd period - Sebastian Wannstrom wins face-off versus Scott Timmins in Wolfes zone.
7:23 of 2nd period - Snap shot by Thomas Spelling.
7:23 of 2nd period - Stopped by Matt Murray without a rebound.
7:24 of 2nd period - Martin Hanzal wins face-off versus Evgeny Kuznetsov in Little Stars zone.
7:29 of 2nd period - Wrist shot by Vladimir Zharkov.
7:29 of 2nd period - Stopped by Matt Murray with a rebound.
7:37 of 2nd period - Wrist shot by Patrick Wiercioch.
7:37 of 2nd period - Deflect By Scott Kosmachuck.
7:37 of 2nd period - Shot Misses the Net.
7:37 of 2nd period - Puck is out of play.
7:38 of 2nd period - Martin Hanzal wins face-off versus Evgeny Kuznetsov in Wolfes zone.
7:43 of 2nd period - Scott Kosmachuck is hit by Jamie Oleksiak and loses puck.
8:04 of 2nd period - Zach Budish is hit by Alexandre Grenier and loses puck.
8:16 of 2nd period - Off-side.
8:17 of 2nd period - Daniel O'regan wins face-off versus Martin Hanzal in neutral zone.
8:20 of 2nd period - Slapshot by Patrick Wiercioch.
8:20 of 2nd period - Stopped by Jeremy Smith with a rebound.
8:43 of 2nd period - Evgeny Kuznetsov is hit by Chris Tierney.
9:58 of 2nd period - Snap shot by Dana Tyrell.
9:58 of 2nd period - Stopped by Jeremy Smith without a rebound.
9:59 of 2nd period - Sergei Plotnikov wins face-off versus Dana Tyrell in Wolfes zone.
10:36 of 2nd period - Snap shot by Daniel O'regan.
10:36 of 2nd period - Stopped by Jeremy Smith with a rebound.
10:59 of 2nd period - Minor Penalty to Scott Kosmachuck for Holding Stick.
11:00 of 2nd period - Martin Hanzal wins face-off versus Shawn Matthias in Little Stars zone.
11:02 of 2nd period - Wrist shot by Martin Hanzal.
11:02 of 2nd period - Stopped by Matt Murray with a rebound.
11:04 of 2nd period - Snap shot by Vladimir Zharkov.
11:04 of 2nd period - Shot Blocked by Tyson Barrie.
11:06 of 2nd period - Snap shot by Blake Pietila.
11:06 of 2nd period - Shot Blocked by Evgeny Kuznetsov.
11:22 of 2nd period - Tyler Wotherspoon is hit by Martin Hanzal and loses puck.
12:59 of 2nd period - Penalty to Scott Kosmachuck is over, Scott Kosmachuck is back on ice.
13:08 of 2nd period - Daniel O'regan is hit by Scott Timmins and loses puck.
13:17 of 2nd period - Snap shot by Daniel O'regan.
13:17 of 2nd period - Deflect By Scott Kosmachuck.
13:17 of 2nd period - Shot Misses the Net.
13:17 of 2nd period - Puck is out of play.
13:18 of 2nd period - Evgeny Kuznetsov wins face-off versus Martin Hanzal in Wolfes zone.
14:00 of 2nd period - Adam Tambellini is hit by Martin Hanzal and loses puck.
14:21 of 2nd period - Snap shot by Shawn Matthias.
14:21 of 2nd period - Shot Misses the Net.
15:03 of 2nd period - Thomas Spelling is hit by Sebastian Wannstrom and loses puck.
15:18 of 2nd period - Slapshot by Patrick Wiercioch.
15:18 of 2nd period - Stopped by Jeremy Smith with a rebound.
15:48 of 2nd period - Snap shot by Evgeny Kuznetsov.
15:48 of 2nd period - Stopped by Jeremy Smith with a rebound.
16:23 of 2nd period - Alexandre Grenier is hit by Tyson Barrie and loses puck.
17:21 of 2nd period - Slapshot by Michael Stone.
17:21 of 2nd period - Shot Misses the Net.
17:23 of 2nd period - Wrist shot by Chris Tierney.
17:23 of 2nd period - Stopped by Matt Murray without a rebound.
17:24 of 2nd period - Scott Timmins wins face-off versus Dana Tyrell in Little Stars zone.
17:45 of 2nd period - Thomas Spelling is hit by Michael Mersch.
18:14 of 2nd period - Snap shot by Tyson Barrie.
18:14 of 2nd period - Shot Misses the Net.
18:16 of 2nd period - Snap shot by Tyson Barrie.
18:16 of 2nd period - Stopped by Jeremy Smith without a rebound.
18:17 of 2nd period - Chris Tierney wins face-off versus Evgeny Kuznetsov in Wolfes zone.
18:53 of 2nd period - Wrist shot by Vladimir Zharkov.
18:53 of 2nd period - Stopped by Matt Murray without a rebound.
18:54 of 2nd period - Martin Hanzal wins face-off versus Daniel O'regan in Little Stars zone.
19:29 of 2nd period - Snap shot by Alexandre Grenier.
19:29 of 2nd period - Stopped by Matt Murray with a rebound.
19:50 of 2nd period - Wrist shot by Dana Tyrell.
19:50 of 2nd period - Stopped by Jeremy Smith with a rebound.
Goals for this period are 1 for Little Stars vs 1 for Wolfes.
Shots for this period are 10 for Little Stars vs 12 for Wolfes.
3rd period
0:01 of 3rd period - Evgeny Kuznetsov wins face-off versus Martin Hanzal in neutral zone.
0:04 of 3rd period - Backhand shot by Tyler Wotherspoon.
0:04 of 3rd period - Shot Misses the Net.
0:06 of 3rd period - Wrist shot by Evgeny Kuznetsov.
0:06 of 3rd period - Goal by Evgeny Kuznetsov - Little Stars : 2 - Wolfes : 3.
0:07 of 3rd period - Evgeny Kuznetsov wins face-off versus Martin Hanzal in neutral zone.
0:22 of 3rd period - Wrist shot by Evgeny Kuznetsov.
0:22 of 3rd period - Stopped by Jeremy Smith with a rebound.
0:32 of 3rd period - Dana Tyrell is hit by Sergei Plotnikov and loses puck.
0:39 of 3rd period - Slapshot by Sergei Plotnikov.
0:39 of 3rd period - Deflect By Chris Tierney.
0:39 of 3rd period - Stopped by Matt Murray with a rebound.
0:41 of 3rd period - Snap shot by Sergei Plotnikov.
0:41 of 3rd period - Stopped by Matt Murray with a rebound.
1:12 of 3rd period - Snap shot by Shawn Matthias.
1:12 of 3rd period - Stopped by Jeremy Smith without a rebound.
1:13 of 3rd period - Martin Hanzal wins face-off versus Roman Horak in Wolfes zone.
1:13 of 3rd period - Benn Ferriero is hit by Patrick Wiercioch and loses puck.
1:28 of 3rd period - Snap shot by Roman Horak.
1:28 of 3rd period - Shot Misses the Net.
1:34 of 3rd period - Minor Penalty to Martin Hanzal for Hooking.
1:35 of 3rd period - Evgeny Kuznetsov wins face-off versus Victor Olofsson in Wolfes zone.
1:46 of 3rd period - Wrist shot by Shawn Matthias.
1:46 of 3rd period - Stopped by Jeremy Smith without a rebound.
1:47 of 3rd period - Victor Olofsson wins face-off versus Evgeny Kuznetsov in Wolfes zone.
2:22 of 3rd period - Wrist shot by Dana Tyrell.
2:22 of 3rd period - Stopped by Jeremy Smith with a rebound.
3:08 of 3rd period - Tyler Wotherspoon is hit by Wes O'Neill and loses puck.
3:34 of 3rd period - Penalty to Martin Hanzal is over, Martin Hanzal is back on ice.
3:48 of 3rd period - Joonas Lyytinen is hit by Patrick Wiercioch and loses puck.
4:22 of 3rd period - Wrist shot by Shane Gersich.
4:22 of 3rd period - Deflect By Michael Mersch.
4:22 of 3rd period - Shot Blocked by Joonas Lyytinen.
4:22 of 3rd period - Puck is out of play.
4:23 of 3rd period - Michael Mersch wins face-off versus Martin Hanzal in Wolfes zone.
4:26 of 3rd period - Wrist shot by Dana Tyrell.
4:26 of 3rd period - Stopped by Jeremy Smith with a rebound.
4:28 of 3rd period - Slapshot by Dana Tyrell.
4:28 of 3rd period - Deflect By Shane Gersich.
4:28 of 3rd period - Stopped by Jeremy Smith with a rebound.
4:30 of 3rd period - Wrist shot by Anton Cederholm.
4:30 of 3rd period - Stopped by Jeremy Smith without a rebound.
4:31 of 3rd period - Evgeny Kuznetsov wins face-off versus Martin Hanzal in Wolfes zone.
4:56 of 3rd period - Chris Tierney is hit by Tyson Barrie and loses puck.
5:03 of 3rd period - Wrist shot by Alexandre Grenier.
5:03 of 3rd period - Shot Misses the Net.
5:05 of 3rd period - Snap shot by Alexandre Grenier.
5:05 of 3rd period - Deflect By Sergei Plotnikov.
5:05 of 3rd period - Stopped by Matt Murray with a rebound.
5:07 of 3rd period - Wrist shot by Sergei Plotnikov.
5:07 of 3rd period - Stopped by Matt Murray with a rebound.
5:26 of 3rd period - Minor Penalty to Thomas Spelling for Interference.
5:27 of 3rd period - Evgeny Kuznetsov wins face-off versus Martin Hanzal in Wolfes zone.
5:43 of 3rd period - Snap shot by Evgeny Kuznetsov.
5:43 of 3rd period - Shot Misses the Net.
6:49 of 3rd period - Snap shot by Alexandre Grenier.
6:49 of 3rd period - Stopped by Matt Murray with a rebound.
7:09 of 3rd period - Dana Tyrell is hit by Alexandre Grenier and loses puck.
7:26 of 3rd period - Penalty to Thomas Spelling is over, Thomas Spelling is back on ice.
7:42 of 3rd period - Snap shot by Thomas Spelling.
7:42 of 3rd period - Stopped by Matt Murray without a rebound.
7:43 of 3rd period - Daniel O'regan wins face-off versus Jacob Lagacé in Little Stars zone.
7:54 of 3rd period - Snap shot by Tucker Poolman.
7:54 of 3rd period - Stopped by Jeremy Smith with a rebound.
7:56 of 3rd period - Wrist shot by Sebastian Wannstrom.
7:56 of 3rd period - Shot Misses the Net.
7:58 of 3rd period - Snap shot by Sebastian Wannstrom.
7:58 of 3rd period - Shot Blocked by Scott Timmins.
8:46 of 3rd period - Snap shot by Martin Hanzal.
8:46 of 3rd period - Stopped by Matt Murray with a rebound.
8:48 of 3rd period - Slapshot by Martin Hanzal.
8:48 of 3rd period - Deflect By Zachary Sanford.
8:48 of 3rd period - Stopped by Matt Murray with a rebound.
8:50 of 3rd period - Slapshot by Anton Lindholm.
8:50 of 3rd period - Shot Misses the Net.
9:10 of 3rd period - Jacob Lagacé is hit by Dana Tyrell and loses puck.
9:46 of 3rd period - Vladimir Zharkov is hit by Jesse Joensuu and loses puck.
10:13 of 3rd period - Snap shot by Daniel O'regan.
10:13 of 3rd period - Goal by Daniel O'regan - Little Stars : 3 - Wolfes : 3.
10:14 of 3rd period - Martin Hanzal wins face-off versus Evgeny Kuznetsov in neutral zone.
10:39 of 3rd period - Jeffrey Foss is hit by Michael Mersch and loses puck.
10:50 of 3rd period - Slapshot by Zach Budish.
10:50 of 3rd period - Stopped by Jeremy Smith with a rebound.
10:59 of 3rd period - Off-side.
11:00 of 3rd period - Daniel O'regan wins face-off versus Scott Timmins in neutral zone.
11:07 of 3rd period - Snap shot by Daniel O'regan.
11:07 of 3rd period - Stopped by Jeremy Smith with a rebound.
11:58 of 3rd period - Wrist shot by Alexandre Grenier.
11:58 of 3rd period - Deflect By Sergei Plotnikov.
11:58 of 3rd period - Shot Misses the Net.
11:58 of 3rd period - Puck is out of play.
11:59 of 3rd period - Martin Hanzal wins face-off versus Evgeny Kuznetsov in Little Stars zone.
12:04 of 3rd period - Wrist shot by Martin Hanzal.
12:04 of 3rd period - Shot Misses the Net.
12:14 of 3rd period - Jeffrey Foss is hit by Tyson Barrie and loses puck.
12:55 of 3rd period - Wrist shot by Chris Tierney.
12:55 of 3rd period - Shot Misses the Net.
12:57 of 3rd period - Slapshot by Jeffrey Foss.
12:57 of 3rd period - Stopped by Matt Murray with a rebound.
13:07 of 3rd period - Snap shot by Chris Tierney.
13:07 of 3rd period - Stopped by Matt Murray with a rebound.
13:20 of 3rd period - Off-side.
13:21 of 3rd period - Evgeny Kuznetsov wins face-off versus Martin Hanzal in neutral zone.
13:36 of 3rd period - Slapshot by Jamie Oleksiak.
13:36 of 3rd period - Shot Blocked by Tyson Barrie.
13:57 of 3rd period - Wrist shot by Thomas Spelling.
13:57 of 3rd period - Stopped by Matt Murray with a rebound.
14:15 of 3rd period - Slapshot by Shawn Matthias.
14:15 of 3rd period - Shot Misses the Net.
14:17 of 3rd period - Slapshot by Anton Cederholm.
14:17 of 3rd period - Shot Misses the Net.
14:19 of 3rd period - Wrist shot by Roman Horak.
14:19 of 3rd period - Deflect By Shawn Matthias.
14:19 of 3rd period - Shot Blocked by Michael Stone.
14:19 of 3rd period - Puck is out of play.
14:20 of 3rd period - Martin Hanzal wins face-off versus Evgeny Kuznetsov in Wolfes zone.
14:20 of 3rd period - Martin Hanzal is hit by Jesse Joensuu.
14:32 of 3rd period - Wrist shot by Jesse Joensuu.
14:32 of 3rd period - Stopped by Jeremy Smith without a rebound.
14:33 of 3rd period - Scott Kosmachuck wins face-off versus Martin Hanzal in Wolfes zone.
14:58 of 3rd period - Wes O'Neill is hit by Michael Mersch and loses puck.
15:29 of 3rd period - Snap shot by Martin Hanzal.
15:29 of 3rd period - Deflect By Zachary Sanford.
15:29 of 3rd period - Stopped by Matt Murray without a rebound.
15:30 of 3rd period - Evgeny Kuznetsov wins face-off versus Martin Hanzal in Little Stars zone.
15:35 of 3rd period - Vladimir Zharkov is hit by Evgeny Kuznetsov and loses puck.
15:46 of 3rd period - Snap shot by Evgeny Kuznetsov.
15:46 of 3rd period - Shot Blocked by Jamie Oleksiak.
16:19 of 3rd period - Wrist shot by Jamie Oleksiak.
16:19 of 3rd period - Stopped by Matt Murray with a rebound.
16:59 of 3rd period - Slapshot by Patrick Wiercioch.
16:59 of 3rd period - Goal by Patrick Wiercioch - Little Stars : 4 - Wolfes : 3.
17:00 of 3rd period - Martin Hanzal wins face-off versus Evgeny Kuznetsov in neutral zone.
17:25 of 3rd period - Adam Tambellini is hit by Sergei Plotnikov and loses puck.
17:52 of 3rd period - Wes O'Neill is hit by Tucker Poolman and loses puck.
18:41 of 3rd period - Wrist shot by Sebastian Wannstrom.
18:41 of 3rd period - Stopped by Jeremy Smith with a rebound.
18:43 of 3rd period - Wrist shot by Eric Knodel.
18:43 of 3rd period - Stopped by Jeremy Smith without a rebound.
18:44 of 3rd period - Daniel O'regan wins face-off versus Angelo Esposito in Wolfes zone.
18:56 of 3rd period - Michael Stone is hit by Tyler Wotherspoon and loses puck.
19:14 of 3rd period - Wolfes, Jeremy Smith is pulled from the net.
19:18 of 3rd period - Slapshot by Victor Olofsson.
19:18 of 3rd period - Shot Misses the Net.
19:34 of 3rd period - Snap shot by Scott Kosmachuck.
19:34 of 3rd period - Goal by Scott Kosmachuck - Little Stars : 5 - Wolfes : 3.
19:34 of 3rd period - Jeremy Smith from Wolfes was sent back in the game.
19:35 of 3rd period - Dana Tyrell wins face-off versus Martin Hanzal in neutral zone.
19:47 of 3rd period - Minor Penalty to Zachary Sanford for Interference.
19:48 of 3rd period - Martin Hanzal wins face-off versus Evgeny Kuznetsov in Wolfes zone.
Goals for this period are 4 for Little Stars vs 0 for Wolfes.
Shots for this period are 17 for Little Stars vs 13 for Wolfes.
Back to the Top